 Dungeon Crawl Stone Soup version 0.21-a0-508-gf08a75f (webtiles) character file.

10875 uglyjohn the Thaumaturge (level 11, -1/86 HPs)
             Began as a Gnoll Skald on Nov 27, 2017.
             Was a High Priest of Cheibriados.
             Slain by Snorg (11 damage)
             ... on level 10 of the Dungeon on Nov 28, 2017.
             The game lasted 00:40:52 (10841 turns).

uglyjohn the Thaumaturge (Gnoll Skald)             Turns: 10841, Time: 00:40:53

Health: -1/86      AC: 12    Str: 26    XL:     11   Next: 68%
Magic:  28/32      EV: 18    Int: 31    God:    Cheibriados [*****.]
Gold:   63         SH:  0    Dex: 26    Spells: 16/26 levels left

rFire    . . .     SeeInvis .   g - +3 long sword (vamp)
rCold    + . .     Gourm    .   (no shield)
rNeg     . . .     Faith    .   B - +0 scale mail {rC+}
rPois    .         Spirit   .   I - +0 helmet
rElec    .         Reflect  .   C - +1 cloak
rCorr    +         Harm     .   (no gloves)
MR       .....                  h - +0 pair of boots
Stlth    +++.......             (no amulet)
HPRegen  1.24/turn              j - ring of resist corrosion
MPRegen  0.23/turn              O - ring of magical power

@: regenerating, very slow
A: distributed training, fangs 1, strong nose
a: Bend Time, Temporal Distortion, Slouch, Step From Time, Renounce Religion


You were on level 10 of the Dungeon.
You worshipped Cheibriados.
Cheibriados was extremely pleased with you.
You were not hungry.

You visited 2 branches of the dungeon, and saw 11 of its levels.
You also visited: Sewer.

You collected 620 gold pieces.
You spent 557 gold pieces at shops.

Inventory:

Hand Weapons
 g - a +3 vampiric long sword (weapon)
 w - a +0 demon blade
 E - a +0 hand crossbow
 H - a +3 dire flail of holy wrath
Missiles
 G - 25 bolts
Armour
 h - a +0 pair of boots (worn)
 B - a +0 scale mail of cold resistance (worn)
 C - a +1 cloak (worn)
 I - a +0 helmet (worn)
Magical Staves
 P - an uncursed staff of cold
Jewellery
 j - a ring of resist corrosion (left hand)
 O - a ring of magical power (right hand)
Wands
 a - a wand of iceblast (4)
 A - a wand of acid (2)
Scrolls
 e - 3 scrolls of enchant weapon
 f - a scroll of enchant armour
 k - 3 scrolls of fear
 p - 3 scrolls of amnesia
 t - 2 scrolls of remove curse
 u - a scroll of magic mapping
Potions
 b - a potion of cancellation {unknown}
 i - a potion of mutation {unknown}
 m - 7 potions of curing
 n - a potion of invisibility {unknown}
 q - 4 potions of berserk rage
 r - a potion of experience {unknown}
 s - 2 potions of agility
 x - 2 potions of lignification
 z - 2 potions of ambrosia
 D - 5 potions of brilliance
 F - 5 potions of heal wounds
 L - 3 potions of might
 M - 3 potions of flight
Books
 c - a book of Battle

   Spells                             Type                      Level
   a - Infusion                       Charms                       1
   b - Shroud of Golubria             Charms/Translocation         2
   c - Song of Slaying                Charms                       2
   d - Spectral Weapon                Hexes/Charms                 3
   e - Regeneration                   Charms/Necromancy            3
 v - a book of Debilitation

   Spells                             Type                      Level
   a - Corona                         Hexes                        1
   b - Slow                           Hexes                        2
   c - Inner Flame                    Hexes/Fire                   3
   d - Portal Projectile              Hexes/Translocation          3
   e - Cause Fear                     Hexes                        4
   f - Leda's Liquefaction            Hexes/Earth                  4
 J - a book of Annihilations

   Spells                             Type                      Level
   a - Poison Arrow                   Conjuration/Poison           6
   b - Chain Lightning                Conjuration/Air              8
   c - Lehudib's Crystal Spear        Conjuration/Earth            8
   d - Glaciate                       Conjuration/Ice              9
   e - Fire Storm                     Conjuration/Fire             9
 N - a book of Cantrips

   Spells                             Type                      Level
   a - Confusing Touch                Hexes                        1
   b - Animate Skeleton               Necromancy                   1
   c - Summon Small Mammal            Summoning                    1
   d - Apportation                    Translocation                1
Miscellaneous
 y - a phantom mirror
Comestibles
 d - 10 bread rations
 l - 5 fruits
 o - 3 meat rations
 K - 4 chunks of flesh


   Skills:
 + Level 8.0 Fighting
 + Level 6.4 Short Blades
 + Level 8.0 Long Blades
 + Level 6.4 Axes
 + Level 6.4 Maces & Flails
 + Level 6.4 Polearms
 + Level 6.4 Staves
 + Level 6.4 Slings
 + Level 6.4 Bows
 + Level 6.4 Crossbows
 + Level 6.4 Throwing
 + Level 7.0 Armour
 + Level 8.0 Dodging
 + Level 6.4 Stealth
 + Level 6.4 Shields
 + Level 6.4 Unarmed Combat
 + Level 8.2 Spellcasting
 + Level 5.3 Conjurations
 + Level 5.3 Hexes
 + Level 7.7 Charms
 + Level 5.3 Summonings
 + Level 5.3 Necromancy
 + Level 5.3 Translocations
 + Level 5.3 Transmutations
 + Level 5.3 Fire Magic
 + Level 5.3 Ice Magic
 + Level 5.3 Air Magic
 + Level 5.3 Earth Magic
 + Level 5.3 Poison Magic
 + Level 7.0 Invocations
 + Level 6.4 Evocations


You had 16 spell levels left.
You knew the following spells:

 Your Spells              Type           Power        Failure   Level  Hunger
b - Shroud of Golubria    Chrm/Tloc      ######....   1%          2    None
c - Regeneration          Chrm/Necr      ######....   1%          3    None
d - Spectral Weapon       Hex/Chrm       ######..     1%          3    None
e - Animate Skeleton      Necr           N/A          1%          1    None
f - Apportation           Tloc           #####.       1%          1    None


Dungeon Overview and Level Annotations

Branches:
Dungeon (10/15)            Temple (1/1) D:6            Lair (0/6) D:8
    Orc (0/2) D:9

Altars:
Ashenzari
Cheibriados
Dithmenos
Elyvilon
Fedhas
Gozag
Hepliaklqana
Kikubaaqudgha
Makhleb
Nemelex Xobeh
Okawaru
Qazlal
Ru
Sif Muna
Trog
Uskayaw
Vehumet
Wu Jian
Xom
Yredelemnul
Zin
The Shining One

Shops:
D:5 (   D:9 !

Annotations:
D:4 exclusion: oklob plant
D:10 Snorg


Innate Abilities, Weirdness & Mutations

Your experience applies equally to all skills.
You have very sharp teeth.
Your uncanny sense of smell can sniff out nearby items.


Message History

Evoke which item? (* to show all) (? for menu, Esc to quit)
Aiming: Corrosive Bolt
Press: ? - help, Shift-Dir - straight line, f/p - Snorg
Aim: Snorg (moderately wounded, berserk, fast, unusually strong, covered in acid)
The bolt of acid misses Snorg.
The bolt of acid misses the killer bee. x2
The bolt of acid hits the killer bee.
The killer bee is splashed with acid.
The acid corrodes the killer bee!
You kill the killer bee!
Cheibriados thoroughly appreciates the change of pace.
Snorg bites you!
* * * LOW HITPOINT WARNING * * *
Snorg claws you!
* * * LOW HITPOINT WARNING * * *
Snorg completely misses you.
Okay, then.
Unknown command.
You feel much better. Snorg bites you!!
* * * LOW HITPOINT WARNING * * *
Snorg claws you!
You die...

##+## ##...##
##.....## %
##.......## #
....####.........##.
...yyyT@.........'..
#...####.........# #
##.......##
##.....## ##...####
#.......# #.#.###.#
#.#.# #.#
#(#.###.#######


You could see Snorg (berserk) and 3 killer bees.

Vanquished Creatures
  Gastronok (D:8)
  Fannar (D:9)
  2 two-headed ogres
  A gargoyle (D:7)
  A troll (D:10)
  A hornet (D:10)
  Grinder (D:2)
  Sigmund (D:6)
  A spriggan (D:7)
  5 yaks (D:9)
  5 hungry ghosts (D:9)
  A two-headed ogre zombie (D:9)
  Edmund (D:6)
  A water moccasin (D:7)
  Duvessa (D:6)
  2 necrophages (D:8)
  A sky beast (D:6)
  2 orc warriors (D:7)
  2 ice beasts
  An ogre (D:7)
  The ghost of slep the Skirmisher, an amateur DsMo (D:3)
  5 centaurs
  3 bullfrogs
  7 big kobolds
  Dowan (D:6)
  2 scorpions
  12 killer bees
  2 troll zombies (D:9)
  A centaur zombie (D:5)
  7 crimson imps
  3 hounds
  Crazy Yiuf (D:3)
  3 centaur skeletons
  4 orc priests
  3 orc wizards
  3 iguanas
  Jessica (D:2)
  8 worker ants
  5 ogre zombies (D:9)
  A hound skeleton (D:5)
  7 gnolls
  20 adders
  6 river rats (Sewer)
  2 shadow imps
  3 adder zombies
  3 oozes
  An adder skeleton (D:7)
  4 worms (D:2)
  2 dart slugs (D:1)
  4 leopard geckos
  19 orcs
  7 ball pythons
  5 bats
  5 giant cockroaches
  7 goblins
  5 hobgoblins
  12 jackals
  4 quokkas
  4 frilled lizards
  4 goblin skeletons (D:9)
  3 goblin zombies (D:9)
  A hobgoblin skeleton (D:9)
  A hobgoblin zombie (D:9)
  2 jackal zombies (D:7)
  42 kobolds
  15 orc zombies (D:9)
  2 quokka skeletons
  25 rats
320 creatures vanquished.

Vanquished Creatures (others)
  A worker ant (D:4)
  19 toadstools (D:4)
20 creatures vanquished.

Grand Total: 340 creatures vanquished

Notes
Turn   | Place    | Note
-------+----------+-------------------------------------------
     0 | D:1      | uglyjohn the Gnoll Skald began the quest for the Orb.
     0 | D:1      | Reached XP level 1. HP: 20/20 MP: 6/6
    47 | D:1      | Reached XP level 2. HP: 23/26 MP: 7/7
   536 | D:1      | Reached XP level 3. HP: 29/31 MP: 9/9
   601 | D:2      | Reached skill level 5 in Spellcasting
   869 | D:2      | Learned a level 2 spell: Shroud of Golubria
   873 | D:2      | Learned a level 3 spell: Regeneration
   880 | D:2      | Reached skill level 1 in Invocations
   922 | D:2      | Learned a level 3 spell: Spectral Weapon
  1069 | D:2      | Reached skill level 1 in Short Blades
  1069 | D:2      | Reached skill level 1 in Axes
  1069 | D:2      | Reached skill level 1 in Maces & Flails
  1069 | D:2      | Reached skill level 1 in Polearms
  1069 | D:2      | Reached skill level 1 in Staves
  1069 | D:2      | Reached skill level 1 in Slings
  1069 | D:2      | Reached skill level 1 in Bows
  1069 | D:2      | Reached skill level 1 in Crossbows
  1069 | D:2      | Reached skill level 1 in Throwing
  1069 | D:2      | Reached skill level 1 in Stealth
  1069 | D:2      | Reached skill level 1 in Shields
  1069 | D:2      | Reached skill level 1 in Unarmed Combat
  1069 | D:2      | Reached skill level 1 in Evocations
  1142 | D:2      | Reached XP level 4. HP: 24/38 MP: 11/11
  1204 | D:2      | Reached skill level 1 in Conjurations
  1204 | D:2      | Reached skill level 1 in Hexes
  1204 | D:2      | Reached skill level 1 in Summonings
  1204 | D:2      | Reached skill level 1 in Necromancy
  1204 | D:2      | Reached skill level 1 in Translocations
  1204 | D:2      | Reached skill level 1 in Transmutations
  1204 | D:2      | Reached skill level 1 in Fire Magic
  1204 | D:2      | Reached skill level 1 in Ice Magic
  1204 | D:2      | Reached skill level 1 in Air Magic
  1204 | D:2      | Reached skill level 1 in Earth Magic
  1204 | D:2      | Reached skill level 1 in Poison Magic
  1370 | D:2      | Noticed Jessica
  1376 | D:2      | Killed Jessica
  1376 | D:2      | Reached XP level 5. HP: 43/43 MP: 12/12
  1682 | D:3      | Noticed slep's ghost (amateur DsMo)
  1683 | D:3      | Noticed Grinder
  2141 | D:2      | Killed Grinder
  2141 | D:2      | Reached skill level 5 in Fighting
  2141 | D:2      | Reached skill level 5 in Long Blades
  2141 | D:2      | Reached skill level 5 in Dodging
  2141 | D:2      | Reached XP level 6. HP: 49/51 MP: 5/14
  2217 | D:3      | Killed slep's ghost
  2221 | D:3      | Reached XP level 7. HP: 32/56 MP: 1/15
  2657 | D:3      | Found a runed door.
  2661 | D:3      | Noticed Crazy Yiuf
  2667 | D:3      | Killed Crazy Yiuf
  3859 | D:4      | Found a blossoming altar of Fedhas.
  3872 | D:4      | Noticed an oklob plant
  3986 | D:5      | Entered Level 5 of the Dungeon
  3989 | D:5      | Found a sparkling altar of Nemelex Xobeh.
  4068 | D:5      | Found Ciggen's Antique Weapon Boutique.
  4107 | D:5      | Bought a hand crossbow for 115 gold pieces
  4308 | D:5      | Reached XP level 8. HP: 62/63 MP: 16/16
  4431 | D:5      | Found a stormy altar of Qazlal.
  4898 | D:5      | Found a sacrificial altar of Ru.
  4956 | D:6      | Found a white marble altar of Elyvilon.
  5007 | D:6      | Noticed Sigmund
  5037 | D:6      | Killed Sigmund
  5049 | D:6      | Noticed Duvessa
  5050 | D:6      | Noticed Dowan
  5081 | D:6      | Killed Duvessa
  5097 | D:6      | Killed Dowan
  5102 | D:6      | Upgraded the game from 0.21-a0-507-ga8f6b7a to 0.21-a0-508-gf08a75f
  5116 | D:6      | Found a glowing drain.
  5158 | Sewer    | Entered a sewer
  5278 | Sewer    | Reached XP level 9. HP: 69/69 MP: 18/18
  5607 | D:6      | Found a staircase to the Ecumenical Temple.
  5620 | Temple   | Entered the Ecumenical Temple
  5718 | Temple   | Became a worshipper of Cheibriados the Contemplative
  6050 | D:6      | Reached * piety under Cheibriados
  6166 | D:6      | Noticed Edmund
  6180 | D:6      | Killed Edmund
  6180 | D:6      | Reached skill level 5 in Armour
  6197 | D:6      | Learned a level 1 spell: Animate Skeleton
  6199 | D:6      | Learned a level 1 spell: Apportation
  6942 | D:7      | Reached ** piety under Cheibriados
  6968 | D:7      | Reached skill level 5 in Invocations
  7231 | D:7      | Reached XP level 10. HP: 77/77 MP: 20/20
  7292 | D:7      | Noticed a gargoyle
  7306 | D:7      | Killed a gargoyle
  7574 | D:7      | Found a shimmering altar of Xom.
  7574 | D:7      | Found a burning altar of Makhleb.
  7718 | D:8      | Reached skill level 5 in Short Blades
  7718 | D:8      | Reached skill level 5 in Axes
  7718 | D:8      | Reached skill level 5 in Maces & Flails
  7718 | D:8      | Reached skill level 5 in Polearms
  7718 | D:8      | Reached skill level 5 in Staves
  7718 | D:8      | Reached skill level 5 in Slings
  7718 | D:8      | Reached skill level 5 in Bows
  7718 | D:8      | Reached skill level 5 in Crossbows
  7718 | D:8      | Reached skill level 5 in Throwing
  7718 | D:8      | Reached skill level 5 in Stealth
  7718 | D:8      | Reached skill level 5 in Shields
  7718 | D:8      | Reached skill level 5 in Unarmed Combat
  7718 | D:8      | Reached skill level 5 in Evocations
  7823 | D:8      | Found a staircase to the Lair.
  7848 | D:8      | Reached *** piety under Cheibriados
  8638 | D:8      | Noticed a two-headed ogre
  8643 | D:8      | Killed a two-headed ogre
  8851 | D:8      | Noticed Gastronok
  8883 | D:8      | Killed Gastronok
  8883 | D:8      | Reached XP level 11. HP: 25/84 MP: 22/22
  9531 | D:9      | Reached **** piety under Cheibriados
  9576 | D:9      | Reached skill level 5 in Conjurations
  9576 | D:9      | Reached skill level 5 in Hexes
  9576 | D:9      | Reached skill level 5 in Summonings
  9576 | D:9      | Reached skill level 5 in Necromancy
  9576 | D:9      | Reached skill level 5 in Translocations
  9576 | D:9      | Reached skill level 5 in Transmutations
  9576 | D:9      | Reached skill level 5 in Fire Magic
  9576 | D:9      | Reached skill level 5 in Ice Magic
  9576 | D:9      | Reached skill level 5 in Air Magic
  9576 | D:9      | Reached skill level 5 in Earth Magic
  9576 | D:9      | Reached skill level 5 in Poison Magic
  9625 | D:9      | Found a staircase to the Orcish Mines.
  9776 | D:9      | Reached ***** piety under Cheibriados
  9945 | D:9      | Noticed a two-headed ogre
  9958 | D:9      | Killed a two-headed ogre
 10098 | D:9      | Found Ohisouf's Distillery.
 10108 | D:9      | Bought a potion of ambrosia for 136 gold pieces
 10443 | D:9      | Bought a potion of heal wounds for 85 gold pieces
 10443 | D:9      | Bought a potion of heal wounds for 85 gold pieces
 10443 | D:9      | Bought a potion of heal wounds for 85 gold pieces
 10443 | D:9      | Bought a potion of curing for 51 gold pieces
 10473 | D:10     | Entered Level 10 of the Dungeon
 10505 | D:10     | Noticed Fannar
 10676 | D:9      | Killed Fannar
 10824 | D:10     | Noticed Snorg
 10840 | D:10     | HP: 1/86 [Snorg (13)]
 10841 | D:10     | Slain by Snorg

Vault maps used:
D:1:      scummos_arrival_hexagon
D:2:      uniq_jessica
D:3:      uniq_grinder, uniq_crazy_yiuf_cottage
D:4:      tgw_fedhas, first_bread
D:5:      nicolae_ru_path_of_blood, nemelex_xobeh_ov_fountains_minmay,
          lemuel_coloured_pillars_altar, serial_shops, shop_coins
D:6:      temple_fountains, basic_altar, gup_sewer_entry_glass, uniq_edmund,
          uniq_sigmund, uniq_duvessa
D:7:      grunt_temple_overflow_champion_of_chaos, the_bakery
D:8:      lair_entry_dummy, uniq_gastronok
D:9:      zombieorc2_lemuel, serial_shops, nicolae_shop_stone, solitary_fountain
D:10:     uniq_snorg, uniq_fannar
Temple:   eino_temple_scatter_basement
Sewer:    sewer_minmay_treatment

Skill      XL: |  1  2  3  4  5  6  7  8  9 10 11 |
---------------+----------------------------------+-----
Spellcasting   | 5 6 7 8 |  8.2
Invocations    | 1 2 3 4 5 6 7 |  7.0
Short Blades   | 1 2 3 4 5 6 |  6.4
Axes           | 1 2 3 4 5 6 |  6.4
Maces & Flails | 1 2 3 4 5 6 |  6.4
Polearms       | 1 2 3 4 5 6 |  6.4
Staves         | 1 2 3 4 5 6 |  6.4
Slings         | 1 2 3 4 5 6 |  6.4
Bows           | 1 2 3 4 5 6 |  6.4
Crossbows      | 1 2 3 4 5 6 |  6.4
Throwing       | 1 2 3 4 5 6 |  6.4
Stealth        | 1 2 3 4 5 6 |  6.4
Shields        | 1 2 3 4 5 6 |  6.4
Unarmed Combat | 1 2 3 4 5 6 |  6.4
Evocations     | 1 2 3 4 5 6 |  6.4
Conjurations   | 1 2 3 4 5 |  5.3
Hexes          | 1 2 3 4 5 |  5.3
Summonings     | 1 2 3 4 5 |  5.3
Necromancy     | 1 2 3 4 5 |  5.3
Translocations | 1 2 3 4 5 |  5.3
Transmutations | 1 2 3 4 5 |  5.3
Fire Magic     | 1 2 3 4 5 |  5.3
Ice Magic      | 1 2 3 4 5 |  5.3
Air Magic      | 1 2 3 4 5 |  5.3
Earth Magic    | 1 2 3 4 5 |  5.3
Poison Magic   | 1 2 3 4 5 |  5.3
Armour         | 3 4 5 6 7 |  7.0
Fighting       | 5 6 7 8 |  8.0
Long Blades    | 5 6 7 8 |  8.0
Dodging        | 5 6 7 8 |  8.0
Charms         | 6 7 |  7.7

Action                   |  1- 3 |  4- 6 |  7- 9 | 10-12 || total
-------------------------+-------+-------+-------+-------++-------
Melee: Falchion          |    98 |    53 |       |       ||   151
       Bite              |    11 |    19 |    76 |    90 ||   196
       Punch             |       |     2 |    10 |    25 ||    37
       Trident           |       |    61 |    49 |       ||   110
       Quarterstaff      |       |       |    46 |       ||    46
       Long sword        |       |       |   461 |   375 ||   836
       Unarmed           |       |       |     7 |       ||     7
 Cast: Regeneration      |     3 |     9 |    20 |    14 ||    46
       Shroud of Golubri |     2 |     3 |     7 |    12 ||    24
       Spectral Weapon   |       |     2 |     3 |     2 ||     7
       Infusion          |       |       |       |     1 ||     1
Evoke: Wand              |       |       |     3 |     6 ||     9
  Use: Scroll            |       |       |     9 |    12 ||    21
       Potion            |       |       |       |     2 ||     2
 Stab: Sleeping          |     2 |     2 |     2 |     1 ||     7
       Confused          |       |       |     3 |       ||     3
       Distracted        |       |       |       |     2 ||     2
  Eat: Chunk             |     1 |     5 |    14 |    12 ||    32
       Royal jelly       |       |       |     2 |     2 ||     4
       Bread ration      |       |       |     1 |       ||     1
       Fruit             |       |       |       |     2 ||     2
       Meat ration       |       |       |       |     1 ||     1
Armor: Leather armour    |    16 |    10 |       |       ||    26
       Ring mail         |       |    34 |   169 |       ||   203
       Scale mail        |       |       |    36 |   155 ||   191
Dodge: Dodged            |    66 |   149 |   523 |   400 ||  1138
       Rpst.: Falchion   |    19 |    14 |       |       ||    33
       Long sword        |       |       |   149 |   120 ||   269

Table legend:
 A = Spawn XP
 B = Non-spawn XP
 C = Spawn XP percentage of total XP
 D = Spawn monster count
 E = Non-spawn monster count
 F = Spawn count percentage of total count
 G = Total turns spent on level
                    A         B        C        D         E        F      G
               +---------+---------+-------+---------+---------+-------+---------
         Total |       0 |   15536 |   0.0 |       0 |     321 |   0.0 | 10841
               +---------+---------+-------+---------+---------+-------+---------
           D:1 |       0 |      37 |   0.0 |       0 |      17 |   0.0 |   816
           D:2 |       0 |     454 |   0.0 |       0 |      34 |   0.0 |  1284
           D:3 |       0 |     212 |   0.0 |       0 |      19 |   0.0 |   733
           D:4 |       0 |     171 |   0.0 |       0 |      15 |   0.0 |  1153
           D:5 |       0 |     578 |   0.0 |       0 |      12 |   0.0 |   953
           D:6 |       0 |    1598 |   0.0 |       0 |      39 |   0.0 |   954
           D:7 |       0 |    2581 |   0.0 |       0 |      50 |   0.0 |  1650
           D:8 |       0 |    4011 |   0.0 |       0 |      31 |   0.0 |  1284
           D:9 |       0 |    4302 |   0.0 |       0 |      47 |   0.0 |  1234
          D:10 |       0 |    1248 |   0.0 |       0 |       8 |   0.0 |   196
        Temple |       0 |       3 |   0.0 |       0 |       1 |   0.0 |   173
         Sewer |       0 |     341 |   0.0 |       0 |      48 |   0.0 |   411
               +---------+---------+-------+---------+---------+-------+---------
